 Dungeon Crawl Stone Soup version 0.31-a0-459-gc8a9bf3d51 (webtiles) character file.

Game seed: 16504390129850361336

408 Ethylacetat the Insei (level 6, -6/34 HPs)
             Began as a Vine Stalker Monk on Aug 4, 2023.
             Killed from afar by an acid dragon (8 damage)
             ... with a splash of acid
             ... on level 4 of the Dungeon.
             The game lasted 00:05:20 (2245 turns).

Ethylacetat the Insei (Vine Stalker Monk)           Turns: 2245, Time: 00:05:20

Health: -6/34      AC:  5    Str: 14    XL:     6   Next: 88%
Magic:  0/21       EV: 11    Int: 10    God:
Gold:   45         SH:  0    Dex: 18    Spells: 10/12 levels left

rFire   . .          .
                       - Unarmed
rCold   . . .        c - orb {light}
rNeg    + . .        u - +0 ring mail {rN+}
rPois   .            (no helmet)
rElec   .            (no cloak)
rCorr   .            (no gloves)
SInv    .            (no boots)
Will    .....        (no amulet) Stlth
                     m - ring of magical power
HPRegen 1.05/turn    (no ring)
MPRegen 0.17/turn

%: guardian spirit
@: confused, ambrosia-drunk, glowing
A: fangs 2, regeneration 1, magic shield, antimagic bite, no potion heal 2
a: no special abilities


You were on level 4 of the Dungeon.
You visited 1 branch of the dungeon, and saw 4 of its levels.

You collected 224 gold pieces.
You spent 179 gold pieces at shops.

Inventory:

Armour
 c - an orb of light (worn)
 u - a +0 ring mail of positive energy (worn)
Jewellery
 m - a ring of magical power (left hand)
Wands
 r - a wand of roots (6)
 s - a wand of flame (12)
Scrolls
 a - a scroll of blinking {unknown}
 d - 6 scrolls of teleportation
 f - 7 scrolls of identify
 g - a scroll of fear {unknown}
 h - a scroll of immolation {unknown}
 i - a scroll of enchant weapon {unknown}
 n - 2 scrolls of amnesia {unknown}
 p - a scroll of silence {unknown}
 t - a scroll of poison
Potions
 b - a potion of ambrosia
 e - 5 potions of attraction
 j - 2 potions of invisibility {unknown}
 k - 2 potions of mutation {unknown}
 l - a potion of enlightenment {unknown}
 o - 2 potions of curing {unknown}
 q - a potion of heal wounds {unknown}
 v - a potion of brilliance {unknown}


   Skills:
 + Level 4.5 Fighting
 - Level 2.4 Dodging
 + Level 4.9 Unarmed Combat
 + Level 3.6 Spellcasting


You had 10 spell levels left.
You knew the following spells:

 Your Spells              Type           Power      Damage    Failure   Level
a - Wereblood             Tmut           1%         N/A       63%         2

Your spell library contained the following spells:

 Spells                   Type           Power      Damage    Failure   Level
 Shock                    Conj/Air       4%         1d3       50%         1
 Swiftness                Air            1%         N/A       86%         3
 Airstrike                Air            0%         2d(1-17)  99%         4
 Irradiate                Conj/Tmut      0%         3d11      100%        5


Dungeon Overview and Level Annotations

Branches:
Dungeon (4/15)
 Temple: D:4-7

Altars:
Uskayaw

Shops:
D:3 ?   D:4 *


Innate Abilities, Weirdness & Mutations

You have extremely sharp teeth.
Your natural rate of healing is unusually fast.
When hurt, damage is shared between your health and your magic reserves.
Your bite disrupts and absorbs the magic of your enemies.
Potions cannot restore your health.


Message History

The acid dragon bites you but does no damage.
The acid dragon barely misses you.
You hit the acid dragon but do no damage.
Your bite misses the acid dragon. The acid dragon barely misses you.
The acid dragon closely misses you.
You hit the acid dragon.
The acid dragon is moderately wounded.
The acid dragon barely misses you.
The acid dragon claws you but does no damage.
You hit the acid dragon.
The acid dragon is moderately wounded.
The acid dragon bites you! The acid dragon barely misses you.
You hit the acid dragon but do no damage.
The acid dragon is moderately wounded.
The acid dragon spits acid at you. The splash of acid hits you!!
Ouch! That really hurt!
You are too injured to fight recklessly!
You barely miss the acid dragon.
The acid dragon is moderately wounded.
The acid dragon bites you!
* * * LOW HITPOINT WARNING * * *
The acid dragon misses you.
You barely miss the acid dragon. You bite the acid dragon. You drain its power.
You feel invigorated.
The acid dragon is heavily wounded.
The acid dragon bites you.
* * * LOW HITPOINT WARNING * * *
The acid dragon claws you but does no damage.
You hit the acid dragon.
The acid dragon is heavily wounded.
The acid dragon bites you!
* * * LOW HITPOINT WARNING * * *
The acid dragon completely misses you.
Okay, then.
You are confused.
Your system rejects the healing.
You feel invigorated. The acid dragon spits acid at you.
The splash of acid hits you!
You die...

#....#...............
#....#.....######....
######.....# #....
#<.........# #....
#..........# #....
#..........# #....
#.....##+### #....
###.....# ##...
#.....@.# #...
#.....D.# #...
+.......# +...
#.......# #...
#.......+ ####
#.......# #..
####..... #.. #.....
#.. .. #..


You could see an acid dragon (catching breath).

Vanquished Creatures
  An ogre (D:4)
  4 electric eels (D:3)
  An orc priest (D:3)
  5 adders
  An ufetubus (D:4)
  3 worms
  4 dart slugs
  7 orcs (D:3)
  4 ball pythons
  7 bats
  3 endoplasms
  2 giant cockroaches
  9 hobgoblins
  7 jackals
  10 kobolds
  A quokka (D:1)
  A frilled lizard (D:2)
  6 goblins
  4 rats
80 creatures vanquished.

Notes
Turn   | Place    | Note
-------+----------+-------------------------------------------
     0 | D:1      | Ethylacetat the Vine Stalker Monk began the quest for the
                  | Orb.
     0 | D:1      | Reached XP level 1. HP: 11/11 MP: 2/2
    21 | D:1      | Reached XP level 2. HP: 10/16 MP: 2/4
   169 | D:1      | Reached skill level 1 in Spellcasting
   303 | D:1      | Reached XP level 3. HP: 20/20 MP: 5/5
   642 | D:2      | Gained mutation: Your natural rate of healing is unusually
                  | fast. [Vine Stalker growth]
   642 | D:2      | Reached XP level 4. HP: 24/24 MP: 7/7
  1589 | D:3      | Found a transporter.
  1595 | D:3      | Found a transporter.
  1624 | D:3      | Reached XP level 5. HP: 21/29 MP: 5/9
  1671 | D:3      | Reached XP level 6. HP: 10/33 MP: 0/11
  1809 | D:3      | Found Lusue's Magic Scroll Shoppe.
  1814 | D:3      | Bought a scroll of identify for 26 gold pieces
  1814 | D:3      | Bought a scroll of identify for 26 gold pieces
  1814 | D:3      | Bought a scroll of teleportation for 39 gold pieces
  1814 | D:3      | Bought a scroll of poison for 52 gold pieces
  1951 | D:3      | You fall into a shaft and drop 1 floor!
  1951 | D:4      | Found Evucver's General Store.
  1955 | D:4      | Bought a potion of attraction for 36 gold pieces
  1976 | D:4      | Learned a level 2 spell: Wereblood
  2117 | D:4      | Found a hide-covered altar of Uskayaw.
  2234 | D:4      | Noticed an acid dragon
  2244 | D:4      | HP: 1/34 [acid dragon (7)]
  2245 | D:4      | Killed from afar by an acid dragon

Illustrated notes

Levels and vault maps discovered:
D:1:      scummos_arrival_star, layout_rooms
D:2:      layout_loops_ring, dreamdust_princess_corridor, minmay_close_crescents
D:3:      gammafunk_steamed_eel, layout_loops_ring, serial_shops,
          nicolae_shop_hallway_stairs
D:4:      layout_gridville, nzn_hepliaklqana_mist_gate,
          mainiacjoe_overflow_alcove_1, mainiacjoe_overflow_boulevard,
          serial_shops, nicolae_shop_tiny_glass, nicolae_lakefront_shop, shop

Skill      XL: |  1  2  3  4  5 |
---------------+----------------+-----
Spellcasting   | 1 2 3 |  3.6
Fighting       | 3 4 |  4.5
Unarmed Combat | 4 |  4.9
Dodging        | |  2.4

Action                     |  1- 3 |  4- 6 || total
---------------------------+-------+-------++-------
  Melee: Unarmed           |    74 |   126 ||   200
         Bite              |    21 |    39 ||    60
  Evoke: Wand              |       |     5 ||     5
    Use: Potion            |       |     1 ||     1
   Stab: Sleeping          |     1 |       ||     1
 Armour: Robe              |    20 |     8 ||    28
         Ring mail         |       |     5 ||     5
  Dodge: Dodged            |    55 |    74 ||   129

Table legend: (Time is in decaauts)
 A = Elapsed time spent in this place.
 B = Non-inter-level travel time spent in this place.
 C = Inter-level travel time spent in this place.
 D = Time resting spent in this place.
 E = Time spent auto-exploring this place.
 F = Levels seen in this place.
 G = Mean time per level.
                   A        B        C        D        E       F      G
               +--------+--------+--------+--------+--------+-----+--------+
         Total |   2233 |   2166 |     67 |     20 |   1648 |   4 |  558.2 |
       Dungeon |   2233 |   2166 |     67 |     20 |   1648 |   4 |  558.2 |
               +--------+--------+--------+--------+--------+-----+--------+

Top non-repeatable levels by time:
     D:2: 815 daAuts
     D:3: 680 daAuts
     D:1: 447 daAuts
     D:4: 290 daAuts
